 Dungeon Crawl Stone Soup version 0.26.1-11-gd32895ea62 (webtiles) character file.

Game seed: 208617289515491953

76 infcreate the Sneak (level 4, 0/25 HPs)
             Began as a Vampire Enchanter on July 10, 2021.
             Slain by a quasit (2 damage)
             ... on level 2 of the Dungeon.
             The game lasted 00:06:23 (1805 turns).

infcreate the Sneak (Vampire Enchanter)             Turns: 1805, Time: 00:06:25

Health: 0/25       AC:  2    Str:  7      XL:     4   Next: 12%
Magic:  5/7        EV: 13    Int: 17      God:
Gold:   135        SH:  0    Dex: 10 (15) Spells: 1/7 levels left

rFire    . . .     SeeInvis +   a - +1 dagger
rCold    + + .     Faith    .   (no shield)
rNeg     + + +     Spirit   .   b - +0 robe
rPois    ∞         Reflect  .   (no helmet)
rElec    .         Harm     .   (no cloak)
rCorr    .         Rampage  .   (no gloves)
Will     .....                  (no boots)
Stlth    +++++.....             (no amulet)
HPRegen  0.00/turn              (no ring)
MPRegen  0.10/turn              (no ring)

@: bloodless
A: fangs 3, see invisible, unbreathing
a: Bat Form, Revivify


You were on level 2 of the Dungeon.
You visited 1 branch of the dungeon, and saw 2 of its levels.

You collected 135 gold pieces.


Innate Abilities, Weirdness & Mutations

You do not regenerate when monsters are visible.
You are frail without blood (-20% HP).
You can heal yourself when you bite living creatures.
You are immune to poison.
You have razor-sharp teeth.
You have supernaturally acute eyesight. (SInv)
You can survive without breathing.


   Skills:
 + Level 1.0 Fighting
 + Level 1.6 Short Blades
 * Level 3.1 Dodging
 * Level 5.4 Stealth
 + Level 2.3 Spellcasting
 + Level 4.8 Hexes


You had one spell level left.
You knew the following spells:

 Your Spells              Type           Power        Failure   Level
c - Corona                Hex            20%          2%          1
e - Ensorcelled Hibernat  Hex/Ice        20%          11%         2
t - Confusing Touch       Hex            18%          8%          3

Your spell library contained the following spells:

 Spells                   Type           Power        Failure   Level
 Tukima's Dance           Hex            18%          8%          3
 Dazzling Flash           Conj/Hex       20%          21%         3

Inventory:

Hand Weapons
 a - a +1 dagger (weapon)
Armour
 b - a +0 robe (worn)
Jewellery
 i - an uncursed ring of flight {unknown}
 k - a cursed ring of teleportation {unknown}
Scrolls
 c - a scroll of identify {unknown}
 d - 3 scrolls of blinking {unknown}
 g - a scroll of fear
Potions
 e - a potion of cancellation {unknown}
 f - 2 potions of curing {unknown}
 h - a potion of attraction {unknown}
 j - a potion of ambrosia {unknown}

Dungeon Overview and Level Annotations

Branches:
Dungeon (2/15)

Altars:

## #### .#
...#### .#
.......
.########
####...###
........#
#.@5.....#
.######.###
#.###.##.#
##........#
#.# #.#
#.####.#.#
#.# #.# #.#
#.#.# #.#
#.# #
#.####.#.#
#.###.##.#
#........#
#........#
#........#
#####.####
##...#.##.#
#.##


You could see a quasit.


Message History

The quasit claws you but does no damage.
The quasit closely misses you.
The quasit claws you but does no damage. x2
You hit the quasit but do no damage.
The quasit bites you but does no damage.
The quasit claws you.
* * * LOW HITPOINT WARNING * * *
You feel clumsy. The quasit closely misses you.
You hit the quasit but do no damage.
The quasit bites you but does no damage.
The quasit misses you. x2
You closely miss the quasit. The quasit bites you.
* * * LOW HITPOINT WARNING * * *
The quasit barely misses you.
The quasit claws you but does no damage.
You barely miss the quasit.
Your hands stop glowing.
The quasit bites you.
* * * LOW HITPOINT WARNING * * *
You feel clumsy. The quasit barely misses you. The quasit misses you.
You miss the quasit. The quasit bites you.
* * * LOW HITPOINT WARNING * * *
The quasit closely misses you.
The quasit claws you but does no damage.
The quasit bites you.
* * * LOW HITPOINT WARNING * * *
The quasit claws you.
You die...

Skill      XL: |  1  2  3 |
---------------+----------+-----
Stealth        | 5 |  5.4
Dodging        | 3 |  3.1
Fighting       | 1 |  1.0
Short Blades   | |  1.6
Spellcasting   | |  2.3
Hexes          | |  4.8

Action                   |  1- 3 |  4- 6 || total
-------------------------+-------+-------++-------
Melee: Dagger            |    51 |    11 ||    62
       Bite              |     3 |       ||     3
 Cast: Corona            |     1 |       ||     1
       Ensorcelled Hiber |    15 |       ||    15
       Confusing Touch   |     2 |     1 ||     3
 Abil: Exsanguinate      |     1 |       ||     1
  Use: Scroll            |     1 |       ||     1
 Stab: Sleeping          |    26 |       ||    26
Armor: Robe              |     6 |    12 ||    18
Dodge: Dodged            |    26 |    17 ||    43

Levels and vault maps discovered:
D:1:      tarquinn_simple_flora_water_d, layout_basic, patterned_corridor
D:2:      layout_loops_corners, nrook_mini_vaults, palyth_stone_intersect,
          minmay_tiny_reverse_x, uniq_jessica

Notes
Turn   | Place    | Note
-------+----------+-------------------------------------------
     0 | D:1      | infcreate the Vampire Enchanter began the quest for the
                  | Orb.
     0 | D:1      | Reached XP level 1. HP: 13/13 MP: 3/3
   463 | D:1      | Reached XP level 2. HP: 15/15 MP: 5/5
   466 | D:1      | Learned a level 2 spell: Ensorcelled Hibernation
  1028 | D:2      | Reached skill level 5 in Stealth
  1028 | D:2      | Reached XP level 3. HP: 20/20 MP: 6/6
  1032 | D:2      | Learned a level 3 spell: Confusing Touch
  1330 | D:2      | Reached skill level 3 in Dodging
  1563 | D:2      | Reached skill level 1 in Fighting
  1670 | D:2      | Reached XP level 4. HP: 25/25 MP: 7/7
  1805 | D:2      | HP: 2/25 [quasit (1)]
  1805 | D:2      | Slain by a quasit

Vanquished Creatures
  4 adders (D:2)
  A worm (D:2)
  A dart slug (D:2)
  2 leopard geckos
  4 giant cockroaches
  5 goblins
  5 hobgoblins
  A quokka (D:2)
  4 bats
  3 frilled lizards
  2 rats (D:2)
32 creatures vanquished.

Table legend: (Time is in decaauts)
 A = Elapsed time spent in this place.
 B = Non-inter-level travel time spent in this place.
 C = Inter-level travel time spent in this place.
 D = Time resting spent in this place.
 E = Time spent auto-exploring this place.
 F = Levels seen in this place.
 G = Mean time per level.
                   A        B        C        D        E       F      G
               +--------+--------+--------+--------+--------+-----+--------+
         Total |   1801 |   1606 |    195 |    354 |      0 |   2 |  900.5 |
       Dungeon |   1801 |   1606 |    195 |    354 |      0 |   2 |  900.5 |
               +--------+--------+--------+--------+--------+-----+--------+

Top non-repeatable levels by time:
     D:1: 914 daAuts
     D:2: 886 daAuts

Table legend:
 A = Non-vault XP
 B = Vault XP
 C = Vault XP percentage of total XP
 D = Non-vault monster count
 E = Vault monster count
 F = Vault count percentage of total count
                 A         B        C        D         E       F
            +---------+---------+-------+---------+---------+-------
      Total |     109 |       0 |   0.0 |      32 |       0 |   0.0
            +---------+---------+-------+---------+---------+-------
        D:1 |      21 |       0 |   0.0 |      12 |       0 |   0.0
        D:2 |      88 |       0 |   0.0 |      20 |       0 |   0.0
            +---------+---------+-------+---------+---------+-------
